 Dungeon Crawl Stone Soup version 0.29.1-1-gd02db6906a (webtiles) character file.

Game seed: 5330678194174989336

45867 wingedge the Destroyer (level 13, -3/107 HPs)
             Began as a Demigod Conjurer on Oct 17, 2022.
             Slain by a wolf (4 damage)
             ... on level 5 of the Lair of Beasts on Oct 18, 2022.
             The game lasted 01:30:41 (22304 turns).

wingedge the Destroyer (Demigod Conjurer)          Turns: 22304, Time: 01:30:41

Health: -3/107     AC: 16    Str: 15      XL:     13   Next: 64%
Magic:  28/30      EV: 10    Int: 32 (33) God:
Gold:   918        SH: 11    Dex: 15 (18) Spells: 9/29 levels left

rFire   . . .      SeeInvis .   a - +4 falchion "Daogeq" {chaos, *Rage +Blink Str+2 Int+3}
rCold   . . .      Faith    .   s - +2 kite shield
rNeg    . . .      Spirit   .   y - +4 ring mail of Dizo {Str-3 Int+4 Stlth+}
rPois   +          Reflect  .   A - +0 helmet
rElec   .          Harm     .   D - +1 cloak
rCorr   .          Rampage  .   (no gloves)
Will    +....      Rage     20% t - +2 pair of boots
Stlth   +.........              Y - amulet of regeneration
HPRegen 1.07/turn               v - +6 ring of dexterity
MPRegen 0.22/turn               p - ring of poison resistance

@: brilliant, marked, contaminated, glowing
A: high MP 1, forlorn, divine attributes, dopey 1, subdued magic 1
a: Evoke Blink


You were on level 5 of the Lair of Beasts.
You visited 2 branches of the dungeon, and saw 15 of its levels.

You collected 918 gold pieces.

Inventory:

Hand Weapons
 a - the +4 falchion "Daogeq" (weapon) {chaos, *Rage +Blink Str+2 Int+3}
   (You found it on level 3 of the Dungeon)

   Each time it hits an enemy it has a different, random effect.
   Str:       It affects your strength (+2).
   Int:       It affects your intelligence (+3).
   +Blink:    It lets you blink.
   *Rage:     It berserks you when you make melee attacks (+20% chance).
 b - a +7 long sword
 w - the +5 morningstar "Amirrub" {vorpal, *Corrode Will++ Str+3}
   (You found it on level 4 of the Lair of Beasts)

   It inflicts extra damage upon your enemies.
   Str:       It affects your strength (+3).
   *Corrode:  It may corrode you when you take damage.
   Will:      It greatly increases your willpower.
Missiles
 q - 3 throwing nets (quivered)
Armour
 n - a +1 scale mail of poison resistance
 s - a +2 kite shield (worn)
 t - a +2 pair of boots (worn)
 u - a +2 robe of willpower
 y - the +4 ring mail of Dizo (worn) {Str-3 Int+4 Stlth+}
   (You found it on level 3 of the Dungeon)

   Str:       It affects your strength (-3).
   Int:       It affects your intelligence (+4).
   Stlth:     It makes you more stealthy.
 A - a +0 helmet (worn)
 D - a +1 cloak (worn)
 L - a +1 leather armour of fire resistance
Magical Staves
 r - a staff of air
Jewellery
 p - a ring of poison resistance (right hand)
 v - a +6 ring of dexterity (left hand)
 x - a ring of willpower
 S - a ring of wizardry
 Y - an amulet of regeneration (around neck)
Wands
 F - a wand of flame (71)
 J - a wand of polymorph (21)
 K - a wand of charming (13)
 P - a wand of digging (10)
 R - a wand of mindburst (19)
 W - a wand of roots (13)
Scrolls
 k - a scroll of summoning {unknown}
 m - 4 scrolls of immolation
 C - a scroll of fog
 G - a scroll of magic mapping
 Q - a scroll of torment {unknown}
 T - a scroll of vulnerability {unknown}
 V - a scroll of brand weapon {unknown}
 X - a scroll of poison {unknown}
Potions
 d - a potion of resistance {unknown}
 e - 2 potions of brilliance
 g - a potion of invisibility {unknown}
 l - a potion of haste {unknown}
 o - 2 potions of degeneration
 z - 3 potions of flight {unknown}
 B - a potion of cancellation {unknown}
 E - a potion of magic
 H - a potion of berserk rage {unknown}
 M - 3 potions of lignification {unknown}
 O - a potion of mutation {unknown}
 U - 2 potions of might {unknown}
Miscellaneous
 j - a phial of floods
 N - a lightning rod (4/4)


   Skills:
 + Level 7.6 Fighting
 - Level 4.0 Long Blades
 - Level 4.0 Armour
 - Level 4.0 Dodging
 - Level 2.0 Stealth
 - Level 5.0 Shields
 + Level 8.8 Spellcasting
 - Level 12.0 Conjurations
 - Level 6.0 Hexes
 - Level 10.0 Transmutations
 - Level 2.0 Air Magic
 + Level 5.6 Poison Magic


You had 9 spell levels left.
You knew the following spells:

 Your Spells              Type           Power      Damage    Failure   Level
a - Magic Dart            Conj           100%       1d8       1%          1
b - Searing Ray           Conj           100%       2d8       1%          2
c - Irradiate             Conj/Tmut      39%        3d24      4%          5
d - Mephitic Cloud        Conj/Pois/Air  59%        N/A       2%          3
e - Fulminant Prism       Conj/Hex       35%        3d18      3%          4
f - Alistair's Intoxicat  Tmut/Pois      43%        N/A       17%         5

Your spell library contained the following spells:

 Spells                   Type           Power      Damage    Failure   Level
 Shock                    Conj/Air       100%       1d9       1%          1
 Dazzling Flash           Conj/Hex       100%       N/A       1%          3
 Blade Hands              Tmut           37%        N/A       7%          5
 Summon Guardian Golem    Hex/Summ       38%        N/A       13%         3
 Flame Wave               Conj/Fire      57%        2d14      13%         4
 Iskenderun's Mystic Bla  Conj/Tloc      57%        2d12      13%         4
 Apportation              Tloc           32%        N/A       16%         1
 Summon Small Mammal      Summ           64%        N/A       16%         1
 Swiftness                Air            31%        N/A       21%         3
 Petrify                  Tmut/Erth      52%        N/A       21%         4
 Scorch                   Fire           32%        2d6       24%         2
 Sublimation of Blood     Necr           16%        N/A       24%         2
 Call Canine Familiar     Summ           16%        N/A       45%         3
 Ozocubu's Armour         Ice            16%        N/A       45%         3
 Corpse Rot               Necr/Pois/Air  35%        N/A       50%         4
 Freezing Cloud           Conj/Ice/Air   25%        6-21      54%         5
 Airstrike                Air            15%        2d(3-19)  58%         4
 Animate Armour           Summ/Erth      32%        N/A       86%         4
 Iron Shot                Conj/Erth      28%        9d6       92%         6
 Starburst                Conj/Fire      28%        6d9       92%         6
 Summon Cactus Giant      Summ           8%         N/A       100%        6
 Ozocubu's Refrigeration  Ice            8%         4d9       100%        7


Dungeon Overview and Level Annotations

Branches:
Dungeon (10/15)            Temple (0/1) D:4            Lair (5/5) D:10
  Swamp (0/4) Lair:3       Spider (0/4) Lair:3        Slime (0/5) Lair:4
    Orc: D:9-12

Shops:
D:10 *

Annotations:
D:5 2 runed translucent doors, Zeld's ghost, novice MiBe
Lair:4 1 runed translucent door


Innate Abilities, Weirdness & Mutations

You have an increased reservoir of magic. (+10% MP)
You shall have no god before yourself.
Your divine heritage dramatically boosts your attributes as you level up.
You are dopey. (Int -2)
Your spells are a little easier to cast, but a little less powerful.


Message History

Unknown command.
Unknown command.
You feel better. The water moccasin bites you.
* * * LOW HITPOINT WARNING * * *
You are poisoned.
The water moccasin poisons you!
The blink frog blinks!
The elephant tramples you but does no damage.
The elephant trunk-slaps you but does no damage.
You block the yak's attack. The water moccasin bites you.
* * * LOW HITPOINT WARNING * * *
Something bites the fungus.
The fungus begins to die.
You block the blink frog's attack.
Unknown command.
You feel better.
The blink frog blinks!
Something bites the fungus.
You block the water moccasin's attack. The blink frog hits you.
* * * LOW HITPOINT WARNING * * *
The blink frog blinks!
You block the yak's attack.
The elephant tramples you but does no damage.
The elephant closely misses you. 2 wolves come into view.
Unknown command.
You feel better.
Something bites the fungus.
You block the water moccasin's attack. The wolf closely misses you.
The water moccasin bites you but does no damage.
Something bites the fungus.
You block the elephant's attack.
The elephant trunk-slaps you but does no damage.
The yak gores you!
* * * LOW HITPOINT WARNING * * *
The water moccasin bites you but does no damage.
The wolf moves out of view.
Unknown command.
Magic courses through your body. The wolf bites you but does no damage.
Something bites the fungus.
The water moccasin bites you.
* * * LOW HITPOINT WARNING * * *
Something bites the fungus.
A wolf comes into view.
The water moccasin bites you.
* * * LOW HITPOINT WARNING * * *
The wolf bites you.
You die...

*.,.,,*#....##*,,,,,,...#**,**+,*
,.Y#.###.?...***,,,,,...##.,**,,*
*....#.?....########*.....#,*,,,,
,.............##.#.##......,,,,,,
,..............§§..........,,,,,,
,...........F.§§§.....(....,,,,,,
,.............§§§hY........,,,,,,
,.............§FYY†Y.......,,,,,,
,....#........hS@YY§......#,*,,,,
*#..*#.......#.h#S##......#****,*
*#,,,##....#..#.§F#*#....#.****,*
*,,,,*##...####h.P#*,......,,,,,,
*,,,,*##...+..)F...,,......*,,,,*
*,,,..#.....##.....,,,...##,,,,,,
,,,,..#.....##....P#*,....,,,,,**
,,P.P..+....#.....##*,,,,,*,,****
*,.P.##......##*,,#*,,,,,,*******


You could see 2 elephants, a polar bear, 4 yaks, a cane toad (misshapen), 3
blink frogs, 2 water moccasins and 3 wolves.

Vanquished Creatures
  Nessos (Lair:3)
  A hydra (Lair:5)
  A catoblepas (Lair:4)
  Harold (Lair:2)
  2 two-headed ogres
  13 death yaks
  Sonja (Lair:3)
  Nergalle (Lair:3)
  4 lindwurms (Lair:2)
  Pikel (D:5)
  4 oklob plants (Lair:3)
  16 elephants
  5 black mambas
  2 torpor snails
  6 cane toads
  4 komodo dragons
  A kobold demonologist (D:9)
  A rime drake (Lair:4)
  A troll (D:9)
  A polar bear (Lair:2)
  Grinder (D:3)
  A tarantella (Lair:3)
  14 blink frogs
  Prince Ribbit (D:5)
  8 dream sheep
  2 humans (D:7)
  5 wyverns
  3 basilisks
  40 yaks
  2 acid dragons (D:9)
  9 water moccasins
  Duvessa (D:5)
  2 orc warriors
  3 sky beasts
  2 black bears
  An ogre (D:7)
  18 wolves
  3 lemures
  4 centaurs
  A kobold brigand (D:10)
  11 bullfrogs
  A gnoll sergeant (D:10)
  A necrophage (D:3)
  7 scorpions
  10 wights
  Dowan (D:5)
  7 killer bees
  3 howler monkeys
  A crimson imp (D:4)
  2 hounds
  2 jellies (D:7)
  6 orc priests
  3 iguanas
  10 orc wizards
  15 gnolls
  6 adders
  2 shadow imps
  A white imp (D:6)
  An ufetubus (D:6)
  2 worms
  2 dart slugs
  49 orcs
  5 bats
  9 endoplasms
  4 giant cockroaches
  7 goblins
  5 hobgoblins
  2 jackals (D:3)
  11 quokkas
  5 ball pythons
  2 frilled lizards
  A goblin skeleton (D:4)
  2 goblin zombies (D:4)
  A hobgoblin zombie (D:4)
  9 kobolds
  A kobold skeleton (D:4)
  3 orc skeletons (D:4)
  9 rats
  4 butterflies
411 creatures vanquished.

Vanquished Creatures (others)
  2 bushes (D:10)
  37 fulminant prisms
  46 fungi
  101 plants
186 creatures vanquished.

Grand Total: 597 creatures vanquished

Notes
Turn   | Place    | Note
-------+----------+-------------------------------------------
     0 | D:1      | wingedge the Demigod Conjurer began the quest for the Orb.
     0 | D:1      | Reached XP level 1. HP: 14/14 MP: 5/5
   457 | D:1      | Reached skill level 4 in Conjurations
   532 | D:1      | Reached XP level 2. HP: 20/20 MP: 2/7
   630 | D:1      | Learned a level 2 spell: Searing Ray
  1274 | D:1      | Reached skill level 1 in Fighting
  1577 | D:2      | Reached XP level 3. HP: 22/29 MP: 3/8
  2184 | D:2      | Reached XP level 4. HP: 37/37 MP: 6/9
  2271 | D:2      | Got the Opusculum on the Transmuted Squall
  2481 | D:2      | Reached skill level 1 in Armour
  3348 | D:3      | Noticed a necrophage
  3354 | D:3      | Killed a necrophage
  3355 | D:3      | Reached skill level 5 in Conjurations
  3355 | D:3      | Reached XP level 5. HP: 45/45 MP: 1/10
  3537 | D:3      | Identified the +4 ring mail of Dizo {Str-3 Int+4 Stlth+}
  3711 | D:3      | Noticed Grinder
  3731 | D:3      | Killed Grinder
  3732 | D:3      | Reached XP level 6. HP: 27/51 MP: 2/11
  3933 | D:3      | Reached skill level 6 in Conjurations
  4397 | D:3      | Identified the +4 falchion "Daogeq" {chaos, *Rage +Blink
                  | Str+2 Int+3}
  4752 | D:4      | Reached skill level 1 in Shields
  4752 | D:4      | Reached skill level 1 in Transmutations
  4752 | D:4      | Reached XP level 7. HP: 57/57 MP: 3/14
  5129 | D:4      | Found a staircase to the Ecumenical Temple.
  5587 | D:5      | Entered Level 5 of the Dungeon
  5587 | D:5      | Noticed Pikel
  5596 | D:5      | Noticed Duvessa
  5918 | D:5      | Noticed Dowan
  5931 | D:5      | Killed Duvessa
  5933 | D:5      | Killed Dowan
  6042 | D:5      | Noticed Prince Ribbit
  6049 | D:5      | Killed Prince Ribbit
  6050 | D:5      | Reached skill level 7 in Conjurations
  6050 | D:5      | Reached XP level 8. HP: 63/63 MP: 3/15
  6345 | D:5      | Found a runed translucent door.
  6348 | D:5      | Noticed Zeld's ghost (novice MiBe)
  6360 | D:5      | Killed Pikel
  6361 | D:5      | Reached skill level 5 in Transmutations
  6461 | D:5      | Found a runed translucent door.
  6479 | D:5      | Reached skill level 8 in Conjurations
  6485 | D:5      | Learned a level 5 spell: Irradiate
  7513 | D:6      | Reached XP level 9. HP: 65/69 MP: 7/18
  7656 | D:6      | Learned a level 3 spell: Mephitic Cloud
  8347 | D:7      | Reached skill level 1 in Poison Magic
  8452 | D:7      | Reached skill level 1 in Air Magic
  9548 | D:8      | Reached skill level 1 in Long Blades
  9672 | D:8      | Noticed a two-headed ogre
  9683 | D:8      | Killed a two-headed ogre
  9684 | D:8      | Reached skill level 5 in Spellcasting
  9872 | D:8      | Reached XP level 10. HP: 78/78 MP: 18/21
 10631 | D:9      | Reached skill level 5 in Fighting
 11133 | D:8      | Reached skill level 9 in Conjurations
 11646 | D:10     | Entered Level 10 of the Dungeon
 11788 | D:10     | Found Cocu Itu's General Store.
 12730 | D:10     | Found a transporter.
 12748 | D:10     | Noticed a two-headed ogre
 12749 | D:10     | Found a transporter.
 12758 | D:10     | Killed a two-headed ogre
 12886 | D:10     | Found a transporter.
 12914 | D:10     | Found a transporter.
 12939 | D:10     | Reached XP level 11. HP: 86/86 MP: 11/22
 13176 | D:10     | Reached skill level 10 in Conjurations
 13232 | D:10     | Found a staircase to the Lair.
 13679 | D:10     | Learned a level 4 spell: Fulminant Prism
 13680 | Lair:1   | Entered Level 1 of the Lair of Beasts
 14009 | Lair:1   | Reached skill level 1 in Hexes
 15258 | Lair:1   | Reached skill level 10 in Transmutations
 16666 | Lair:2   | Noticed Harold
 16683 | Lair:2   | Killed Harold
 17046 | Lair:2   | Noticed a lindwurm
 17046 | Lair:2   | Noticed a lindwurm
 17050 | Lair:2   | Noticed a lindwurm
 17054 | Lair:2   | Noticed a lindwurm
 17164 | Lair:2   | Killed a lindwurm
 17171 | Lair:2   | Killed a lindwurm
 17172 | Lair:2   | Killed a lindwurm
 17173 | Lair:2   | Reached skill level 11 in Conjurations
 17174 | Lair:2   | Killed a lindwurm
 17286 | Lair:2   | Identified the +8 shortbow "Fotoodd" {freeze, rF+}
 17290 | Lair:2   | Identified the +6 great sword of Wealth {vorpal, rC+ rN+
                  | Str+3}
 17457 | Lair:3   | Noticed Nergalle
 17668 | Lair:3   | Gained mutation: Your spells are a little easier to cast,
                  | but a little less powerful. [mutagenic glow]
 17833 | Lair:3   | Killed Nergalle
 17834 | Lair:3   | Reached XP level 12. HP: 78/95 MP: 9/26
 18210 | Lair:3   | Found a staircase to the Swamp.
 18269 | Lair:3   | Noticed Nessos
 18282 | Lair:3   | Killed Nessos
 18289 | Lair:3   | Noticed Sonja
 18437 | Lair:3   | Found a hole to the Spider Nest.
 18932 | Lair:3   | Reached skill level 12 in Conjurations
 19057 | Lair:3   | You fall into a shaft and drop 2 floors!
 19057 | Lair:5   | Entered Level 5 of the Lair of Beasts
 19095 | Lair:5   | Noticed a catoblepas
 19112 | Lair:5   | Gained mutation: You are dopey. (Int -2) [mutagenic glow]
 19368 | Lair:3   | Killed Sonja
 20356 | Lair:4   | Found a runed translucent door.
 20399 | Lair:4   | Found a staircase to the Slime Pits.
 20453 | Lair:4   | Identified the +5 morningstar "Amirrub" {vorpal, *Corrode
                  | Will++ Str+3}
 20747 | Lair:4   | Reached skill level 5 in Hexes
 20747 | Lair:4   | Reached XP level 13. HP: 105/105 MP: 14/29
 21011 | Lair:4   | Learned a level 5 spell: Alistair's Intoxication
 22190 | Lair:4   | Reached skill level 5 in Poison Magic
 22296 | Lair:5   | HP: 1/105 [yak (10)]
 22300 | Lair:5   | Reached skill level 5 in Shields
 22304 | Lair:5   | HP: 2/107 [water moccasin (5)]
 22304 | Lair:5   | Slain by a wolf

Illustrated notes

Levels and vault maps discovered:
D:1:      lightli_arrival_flooded_house, layout_loops_ring,
          chequers_ecumenical_altar_simple_redux
D:2:      wad_woods_settlement, layout_basic
D:3:      layout_basic, uniq_grinder
D:4:      layout_basic, mainiacjoe_overflow_24_doors,
          nicolae_tso_besieged_by_evil, fedhas_altar_1, minmay_temple_entry_tees
D:5:      layout_cave_pools, mainiacjoe_overflow_concentric_impassable,
          ebering_ghost_sewer_f, uniq_duvessa, uniq_pikel, uniq_prince_ribbit1
D:6:      layout_basic, vehumet_altar_wand_db, xom_butterflies,
          serial_bayou_pond_e, dreamdust_mushroom_princess
D:7:      layout_rooms, okawaru_humans, serial_co_window_serial,
          co_window_corner_a, co_window_of_opportunity_a, co_window_paths_a,
          co_window_paths_a, co_window_paths_a, co_window_of_opportunity_c,
          co_window_broadway_c, co_window_paths_c, co_window_4corner_a,
          co_window_sun, glass_columns_b, glass_columns_a, glass_columns_c
D:8:      layout_basic
D:9:      layout_rooms, kennysheep_ying_yang, overflow_temple_1_default
D:10:     layout_rooms, lemuel_crystal_altar, lemuel_tele_altar,
          minmay_lair_entry_grove, nicolae_stop_n_shop_2,
          nicolae_transporter_intersection
Lair:1:   layout_chaotic_city, chequers_serial_rivers_marsh,
          lemuel_fruit_fields, lemuel_fruit_fields, lemuel_fruit_fields
Lair:2:   layout_hall_layers, minmay_lindwurm_lava, uniq_harold
Lair:3:   dpeg_oklob_gauntlet, layout_loops_ring, swamp_mist,
          spider_nest_entry_rubble, grunt_megastairs_3, uniq_sonja,
          uniq_nergalle, uniq_nessos
Lair:4:   layout_long_grid, slime_entry_2
Lair:5:   grunt_lair_end_beastmaster, layout_regular_city

Skill      XL: |  1  2  3  4  5  6  7  8  9 10 11 12 13 |
---------------+----------------------------------------+-----
Spellcasting   | 2 3 4 5 6 8 |  8.8
Conjurations   | 4 5 6 7 8 9 11 12 | 12.0
Dodging        | 2 3 4 |  4.0
Stealth        | 2 |  2.0
Fighting       | 1 2 3 4 5 7 |  7.6
Armour         | 1 2 3 4 |  4.0
Shields        | 1 2 3 4 5 |  5.0
Transmutations | 1 3 6 7 9 10 | 10.0
Poison Magic   | 2 4 5 |  5.6
Air Magic      | 2 |  2.0
Long Blades    | 1 2 3 4 |  4.0
Hexes          | 4 5 6 |  6.0

Action                   |  1- 3 |  4- 6 |  7- 9 | 10-12 | 13-15 || total
-------------------------+-------+-------+-------+-------+-------++-------
Melee: Short sword       |    25 |       |       |       |       ||    25
       Spear             |       |    13 |       |       |       ||    13
       Whip              |       |    17 |    39 |       |       ||    56
       Falchion          |       |       |     6 |       |       ||     6
       Long sword        |       |       |    12 |    64 |    39 ||   115
Throw: Throwing net      |     1 |     1 |     7 |       |       ||     9
 Cast: Magic Dart        |    37 |    30 |    49 |    29 |       ||   145
       Searing Ray       |    18 |    28 |    78 |   131 |    16 ||   271
       Mephitic Cloud    |       |       |       |    53 |     7 ||    60
       Irradiate         |       |       |       |    58 |    24 ||    82
       Fulminant Prism   |       |       |       |    24 |    13 ||    37
 Abil: Evoke Blink       |       |       |       |     8 |       ||     8
Evoke: Wand              |       |       |       |     3 |       ||     3
  Use: Potion            |     2 |       |     1 |     2 |    10 ||    15
       Scroll            |       |     6 |     4 |    13 |     3 ||    26
 Stab: Sleeping          |     2 |       |       |       |       ||     2
       Held in net/web   |       |     1 |       |       |       ||     1
       Confused          |       |       |       |     3 |     4 ||     7
Armor: Robe              |    10 |     3 |       |       |       ||    13
       Ring mail         |       |     9 |    69 |    85 |   104 ||   267
       Scale mail        |       |       |       |    19 |       ||    19
Dodge: Dodged            |    31 |    18 |    43 |    96 |    85 ||   273
Block: Kite shield       |       |     8 |    76 |   188 |   119 ||   391
